 Dungeon Crawl Stone Soup version 0.19.0-18-g426998a (webtiles) character file.

2802 dysrexia the Martial Artist (level 10, -1/77 HPs)
             Began as a Human Monk on Nov 11, 2016.
             Slain by an orc
             ... wielding a +0 short sword
              (4 damage)
             ... on level 9 of the Dungeon.
             The game lasted 00:29:39 (9623 turns).

dysrexia the Martial Artist (Human Monk)            Turns: 9623, Time: 00:29:40

Health: -1/77      AC:  6    Str: 10    XL:     10   Next: 2%
Magic:  0/9        EV: 12    Int: 11    God:
Gold:   284        SH:  7    Dex: 26    Spells: 0 memorised, 9 levels left

rFire  . . .     SeeInvis +       - Unarmed
rCold  . . .     Gourm    .     A - -1 ring mail (curse)
rNeg   . . .     Faith    .     o - +0 buckler
rPois  .         Spirit   +     (no helmet)
rElec  .         Reflect  .     y - +0 cloak
rCorr  .         Harm     .     E - +0 pair of gloves
MR     +++..     Rnd*Tele +     (no boots)
Stlth  ++........               x - amulet of guardian spirit
                                g - ring of teleportation (curse)
                                q - ring "Anig" {*Drain MR+++ Str-5 Dex+9 SInv}

@: no status effects
A: low mp 1, strong 1
a: no special abilities


You were on level 9 of the Dungeon.
You were not hungry.

You visited 1 branch of the dungeon, and saw 9 of its levels.
You also visited: Sewer and Bailey.

You collected 284 gold pieces.

Inventory:

Hand Weapons
 k - a +1 blowgun
Missiles
 e - 3 curare-tipped needles
 s - 13 poisoned needles
Armour
 a - a +0 robe
 c - a +0 leather armour
 j - a +0 ring mail
 o - a +0 buckler (worn)
 r - a +0 chain mail
 w - +0 gold dragon scales
 y - a +0 cloak (worn)
 A - a cursed -1 ring mail (worn)
 E - a +0 pair of gloves (worn)
Jewellery
 d - a -2 ring of strength
 g - a cursed ring of teleportation (right hand)
 q - the ring "Anig" (left hand) {*Drain MR+++ Str-5 Dex+9 SInv}
   (You found it on level 4 of the Dungeon)

   [ring of see invisible]

   It affects your strength (-5).
   It affects your dexterity (+9).
   It affects your resistance to hostile enchantments.
   It lets you see invisible.
   It causes draining when unequipped.
 x - an amulet of guardian spirit (around neck)
 B - an uncursed ring of positive energy
 C - an uncursed ring of poison resistance
Wands
 n - a wand of acid (11/15)
Scrolls
 f - 4 scrolls of identify
 v - a scroll of fog
 D - a scroll of remove curse
Potions
 h - a potion of brilliance
 l - 3 potions of flight
 m - a potion of curing
Comestibles
 b - 4 bread rations
 i - 6 fruits
 p - a meat ration
 t - 9 chunks of flesh
 u - a slice of pizza


   Skills:
 * Level 6.4 Fighting
 - Level 3.0 Dodging
 - Level 2.0 Stealth
 + Level 5.1 Shields
 - Level 10.8 Unarmed Combat


You had 9 spell levels left.
You didn't know any spells.

Dungeon Overview and Level Annotations

Branches:
Dungeon (9/15)             Temple (0/1) D:7
   Lair: D:8-11         Orc: D:9-12

Altars:
Ashenzari
Dithmenos
Makhleb
Ru
Trog

Annotations:
D:5 exclusion: downstairs


Innate Abilities, Weirdness & Mutations

Your magical capacity is low. (-10% MP)
Your muscles are strong. (Str +2)


Message History

The orc closely misses you. You block the orc priest's attack.
Unknown command.
You hit the orc priest but do no damage.
The orc priest is severely wounded.
The orc wizard points at you and mumbles some strange words.
The magic dart hits you!
* * * LOW HITPOINT WARNING * * *
The orc misses you.
The orc priest mumbles some strange prayers to Beogh against you.
Beogh smites you!
* * * LOW HITPOINT WARNING * * *
The orc wizard hits you but does no damage.
You closely miss the orc priest.
The orc priest is severely wounded.
You block the orc priest's attack.
You barely miss the orc priest.
The orc priest is severely wounded.
The orc priest closely misses you. The orc wizard barely misses you.
You block the orc wizard's attack. The orc hits you with a short sword.
You die...

### ##_##
##.o.##
#8.@o8#
##ooo## ##.##
#........##∩#
#........#...
#........##∩#
#........##.#
#.......# ...
#.......#


You could see 2 orc priests, 2 orc wizards and an orc.

Vanquished Creatures
  2 hippogriffs
  A wyvern (D:6)
  An orc warrior (D:7)
  An ice beast (D:9)
  2 black bears (D:6)
  3 ogres (D:6)
  2 phantoms
  4 centaurs
  A big kobold (Sewer)
  2 bullfrogs
  A scorpion (D:4)
  A killer bee (D:7)
  2 howler monkeys (D:4)
  A crimson imp (D:6)
  3 hounds
  A jelly (D:4)
  4 orc wizards
  2 orc priests
  3 worker ants
  4 iguanas
  A hound skeleton (D:6)
  4 gnolls
  8 adders
  A river rat (Sewer)
  2 shadow imps (D:6)
  An ooze (D:1)
  3 adder skeletons
  4 worms
  2 dart slugs
  9 leopard geckos
  38 orcs
  2 ball pythons
  8 giant cockroaches
  4 goblins
  14 hobgoblins
  11 jackals
  4 quokkas
  8 bats
  4 frilled lizards
  9 kobolds
  A leopard gecko zombie (D:6)
  12 rats
191 creatures vanquished.

Notes
Turn   | Place    | Note
-------+----------+-------------------------------------------
     0 | D:1      | dysrexia the Human Monk began the quest for the Orb.
     0 | D:1      | Reached XP level 1. HP: 18/18 MP: 1/1
   459 | D:1      | Reached XP level 2. HP: 24/24 MP: 2/2
   777 | D:1      | Reached skill level 4 in Unarmed Combat
   777 | D:1      | Reached XP level 3. HP: 15/29 MP: 3/3
  1654 | D:2      | Reached XP level 4. HP: 28/35 MP: 4/4
  2037 | D:3      | Reached skill level 5 in Unarmed Combat
  2141 | D:3      | Found a sacrificial altar of Ru.
  2170 | D:3      | Found a shattered altar of Ashenzari.
  2406 | D:3      | Reached XP level 5. HP: 41/41 MP: 5/5
  2983 | D:4      | Reached skill level 6 in Unarmed Combat
  3107 | D:4      | Found a glowing drain.
  3141 | Sewer    | Entered a sewer
  3150 | Sewer    | Reached XP level 6. HP: 33/47 MP: 6/6
  3321 | Sewer    | Gained mutation: Your muscles are strong. (Str +2) [potion of mutation]
  3321 | Sewer    | Gained mutation: Your magical capacity is low. (-10% MP) [potion of mutation]
  3423 | Sewer    | Found a white marble altar of Elyvilon.
  3481 | D:4      | Reached skill level 7 in Unarmed Combat
  3749 | D:4      | Reached XP level 7. HP: 51/52 MP: 6/6
  3927 | D:4      | Got a steaming bone ring
  3930 | D:4      | Identified the ring "Anig" {*Drain MR+++ Str-5 Dex+9 SInv} (You found it on level 4 of the Dungeon)
  4191 | D:4      | Reached skill level 8 in Unarmed Combat
  4429 | D:5      | Entered Level 5 of the Dungeon
  4854 | D:5      | Reached XP level 8. HP: 25/58 MP: 7/7
  5000 | D:5      | Reached skill level 9 in Unarmed Combat
  5204 | D:5      | Found a burning altar of Makhleb.
  6468 | D:6      | Reached skill level 1 in Shields
  6545 | D:6      | Reached skill level 10 in Unarmed Combat
  6643 | D:6      | Noticed a wyvern
  6650 | D:6      | Killed a wyvern
  6752 | D:6      | Noticed a hill giant
  6968 | D:6      | Reached XP level 9. HP: 49/63 MP: 6/8
  7140 | D:6      | Found a bloodstained altar of Trog.
  8642 | D:7      | Reached skill level 5 in Fighting
  8755 | D:7      | Noticed a hippogriff
  8774 | D:7      | Killed a hippogriff
  8783 | D:7      | Found a flagged portal.
  8791 | Bailey   | Entered a bailey
  9212 | Bailey   | Noticed an orc warlord
  9212 | Bailey   | Noticed an orc knight
  9213 | Bailey   | Noticed an orc knight
  9265 | D:7      | Found a staircase to the Ecumenical Temple.
  9268 | D:8      | Noticed a hippogriff
  9451 | D:9      | Noticed a troll
  9523 | D:9      | HP: 1/69 [hippogriff (5)]
  9549 | D:9      | Killed a hippogriff
  9549 | D:9      | Reached skill level 5 in Shields
  9549 | D:9      | Reached XP level 10. HP: 5/77 MP: 1/9
  9617 | D:9      | Found a shadowy altar of Dithmenos.
  9621 | D:9      | HP: 3/77 [orc priest/divine providence (5)]
  9623 | D:9      | Slain by an orc

Skill      XL: |  1  2  3  4  5  6  7  8  9 |
---------------+----------------------------+-----
Unarmed Combat | 4 5 6 7 8 10 | 10.8
Shields        | 2 5 |  5.1
Fighting       | 6 |  6.4
Dodging        | |  3.0
Stealth        | |  2.0

Action                   |  1- 3 |  4- 6 |  7- 9 | 10-12 || total
-------------------------+-------+-------+-------+-------++-------
Melee: Unarmed           |   124 |   238 |   500 |     6 ||   868
       Punch             |     2 |     9 |     6 |       ||    17
 Fire: Blowgun           |       |       |     4 |       ||     4
  Use: Scroll            |       |     4 |    10 |       ||    14
       Potion            |       |     4 |     4 |       ||     8
 Stab: Sleeping          |     4 |     3 |     6 |       ||    13
       Distracted        |       |       |     1 |       ||     1
  Eat: Chunk             |     2 |     7 |    19 |       ||    28
Armor: Robe              |     5 |       |       |       ||     5
       Leather armour    |    15 |    10 |       |       ||    25
       Ring mail         |       |    56 |   109 |     4 ||   169
Dodge: Dodged            |    78 |   156 |   225 |     8 ||   467
Block: Buckler           |       |       |   132 |     7 ||   139
